 Dungeon Crawl Stone Soup version 0.17-a0-1403-g9df874c (webtiles) character file.

58 Frelus the Slasher (level 3, -2/46 HPs)
             Began as a Minotaur Berserker on June 21, 2015.
             Was a Believer of Trog.
             Slain by Sigmund
             ... wielding a +0 scythe
              (8 damage)
             ... on level 3 of the Dungeon.
             The game lasted 00:01:46 (1381 turns).

Frelus the Slasher (Minotaur Berserker)             Turns: 1381, Time: 00:01:47

Health: -2/46      AC:  5    Str: 26    XL:     3   Next: 76%
Magic:  2/2        EV: 11    Int:  4    God:    Trog [**....]
Gold:   131        SH:  0    Dex: 10    Spells: 0 memorised, 2 levels left

rFire  . . .     SeeInvis .     a - +0 falchion
rCold  . . .     Clarity  .     k - +0 ring mail
rNeg   . . .     SustAt   .     (no shield)
rPois  .         Gourm    .     (helmet restricted)
rElec  .         Spirit   .     (no cloak)
rCorr  .         Warding  .     (no gloves)
rMut   .         Stasis   .     (no boots)
MR     .....                    (no amulet)
Stlth  ..........               (no ring)
                                (no ring)

@: berserking, very quick, not resistant to hostile enchantments, extremely
unstealthy
A: retaliatory headbutt, horns 2
a: Burn Spellbooks, Berserk, Trog's Hand, Renounce Religion


You were on level 3 of the Dungeon.
You worshipped Trog.
Trog was pleased with you.
You were hungry.

You visited 1 branch of the dungeon, and saw 3 of its levels.

You collected 131 gold pieces.

Inventory:

Hand weapons
 a - a +0 falchion (weapon)
Armour
 b - a +0 animal skin
 k - a +0 ring mail (worn)
Scrolls
 e - a scroll of noise {unknown}
 f - 6 scrolls of identify {unknown}
 g - a scroll of immolation {unknown}
 h - a scroll of random uselessness {unknown}
 j - 2 scrolls of remove curse {unknown}
 l - a scroll of fear {unknown}
 o - a scroll of enchant armour {unknown}
Potions
 d - 2 potions of brilliance {unknown}
 i - 2 potions of mutation {unknown}
 m - a potion of flight {unknown}
 p - a potion of agility {unknown}
 q - a potion of curing {unknown}
 r - a potion of berserk rage {unknown}
Comestibles
 c - a bread ration
 n - a chunk of flesh


   Skills:
 - Level 3.6 Fighting
 + Level 5.7 Long Blades
 - Level 2.4 Armour
 - Level 2.1 Dodging


You had 2 spell levels left.
You didn't know any spells.

Dungeon Overview and Level Annotations

Branches:
Dungeon (3/15)

Altars:
Ashenzari
Gozag
Xom

Annotations:
D:3 Sigmund


Innate Abilities, Weirdness & Mutations

You reflexively headbutt those who attack you in melee.
You have a pair of horns on your head.


Message History

You feel yourself moving faster!
You feel mighty!
You feel somewhat more hungry. The adder barely misses you.
Something hits you but does no damage. The goblin hits you but does no damage.
You slash the goblin!
You kill the goblin!
Trog accepts your kill. The adder bites you but does no damage.
The hobgoblin hits you with a club.
Unknown command.
You closely miss the adder. Your headbutt misses the adder.
The adder is almost dead.
The adder bites you but does no damage. Something hits you!
* * * LOW HITPOINT WARNING * * *
The hobgoblin closely misses you.
You closely miss the adder.
The adder is almost dead.
The adder bites you but does no damage.
You miss the adder.
The adder is almost dead.
Something hits you!
You die...

...........).. ...#.
............. ##....
............#######.....
.=.....................#
.......?......####.....#
...............#........
......†S......##.#......
......g@.........#......
......).............<...
.........<........#.....
#......>...†.#....#.....
#.#..................###
. ##............##...###
###...........##..##.
#.......#.#.#......
#...#....#.#.#.##...


You could see an adder and a hobgoblin.

Vanquished Creatures
  An ooze (D:1)
  A worm (D:2)
  2 orcs
  5 bats
  12 goblins
  4 hobgoblins
  4 jackals
  4 giant cockroaches
  3 giant newts
  3 kobolds
  7 rats
46 creatures vanquished.

Notes
Turn   | Place    | Note
--------------------------------------------------------------
     0 | D:1      | Frelus the Minotaur Berserker began the quest for the Orb.
     0 | D:1      | Reached XP level 1. HP: 19/19 MP: 0/0
    50 | D:1      | Reached skill level 4 in Long Blades
   104 | D:1      | Reached XP level 2. HP: 13/26 MP: 1/1
   376 | D:1      | Reached skill level 5 in Long Blades
   663 | D:2      | Reached XP level 3. HP: 31/31 MP: 2/2
   698 | D:2      | Found an opulent altar of Gozag.
   709 | D:2      | Acquired Trog's second power
   887 | D:2      | Found a shimmering altar of Xom.
   888 | D:2      | Found a shimmering altar of Xom.
   889 | D:2      | Found a shimmering altar of Xom.
   889 | D:2      | Found a shimmering altar of Xom.
   907 | D:2      | Found a shimmering altar of Xom.
   908 | D:2      | Found a shimmering altar of Xom.
   910 | D:2      | Found a shimmering altar of Xom.
   929 | D:2      | Found a shimmering altar of Xom.
  1326 | D:3      | Found a shattered altar of Ashenzari.
  1371 | D:3      | Noticed Sigmund
  1381 | D:3      | Slain by Sigmund

Vault maps used:
D:1:      eino_arrival_water_cross
D:2:      xom_redecorated, lemuel_doored_altar, minmay_goblin_kobold_house
D:3:      nicolae_overflow_crystal_walls, serial_curves, eino_curves_03,
          eino_curves_02, minmay_ruptured, uniq_sigmund

Action                   || total
-------------------------++-------
Melee: Falchion          ||    93
Invok: Burn Spellbooks   ||     1
       Berserk           ||     1
  Eat: Chunk             ||     1
